MWL (24 & UNDER)
LEE'S SUMMIT TIGERS @ PLUMSTEAD EAGLES
09/12/2028
 
TOP OF THE 1ST
Lee's Summit Tigers batting - Pitching for Plumstead Eagles : RHP Jesús Germán
Pitching: RHP Jesús Germán
Batting: LHB Terry Neal 0-0: Called Strike
0-1: Swinging Strike
0-2: Ball
1-2: Strikes out swinging
Batting: RHB Stan Taylor 0-0: Ball
1-0: Called Strike
1-1: Swinging Strike
1-2: Foul Ball, location: 2F
1-2: Strikes out swinging
Batting: LHB José Guerrero 0-0: Foul Ball, location: 2F
0-1: Swinging Strike
0-2: Strikes out swinging
Top of the 1st over - 0 run(s), 0 hit(s), 0 error(s), 0 left on base; Lee's Summit 0 - Plumstead 0
BOTTOM OF THE 1ST
Plumstead Eagles batting - Pitching for Lee's Summit Tigers : LHP António Ruíz
Pitching: LHP António Ruíz
Batting: RHB Matt Thompson 0-0: Swinging Strike
0-1: Ground out 6-3 (Groundball, 6)
Batting: LHB Ramón Morán 0-0: Ball
1-0: Ball
2-0: Ball
3-0: Called Strike
3-1: Called Strike
3-2: Ground out 4-3 (Groundball, 4)
Batting: RHB Edmund Swanson 0-0: Ball
1-0: Called Strike
1-1: Called Strike
1-2: Strikes out looking
Bottom of the 1st over - 0 run(s), 0 hit(s), 0 error(s), 0 left on base; Lee's Summit 0 - Plumstead 0
TOP OF THE 2ND
Lee's Summit Tigers batting - Pitching for Plumstead Eagles : RHP Jesús Germán
Batting: LHB Al Miller 0-0: Called Strike
0-1: Swinging Strike
0-2: Ball
1-2: Strikes out swinging
Batting: RHB Mike Harris 0-0: Called Strike
0-1: Ball
1-1: Called Strike
1-2: Strikes out swinging
Batting: SHB Tony Morrison 0-0: Called Strike
0-1: Ball
1-1: Foul Ball, location: 2F
1-2: Strikes out swinging
Top of the 2nd over - 0 run(s), 0 hit(s), 0 error(s), 0 left on base; Lee's Summit 0 - Plumstead 0
BOTTOM OF THE 2ND
Plumstead Eagles batting - Pitching for Lee's Summit Tigers : LHP António Ruíz
Batting: LHB Ryan Flynn 0-0: Ball
1-0: Swinging Strike
1-1: Ball
2-1: Ball
3-1: Called Strike
3-2: Base on Balls
Batting: LHB Dennis McConnell 0-0: Ball
1-0: Foul Ball, location: 2F
1-1: Ball
2-1: Called Strike
2-2: Ball
3-2: Base on Balls
Ryan Flynn to second
Batting: SHB Travis Martin 0-0: Called Strike
0-1: SINGLE (Groundball, 56D)
Ryan Flynn to third
Dennis McConnell to second
Batting: RHB Diego Ledezma 0-0: Ball
1-0: Called Strike
1-1: Swinging Strike
1-2: Ball
2-2: Strikes out swinging
Batting: SHB José Rincón 0-0: Called Strike
0-1: Ball
Wild Pitch!
Ryan Flynn scores
Dennis McConnell to third
Travis Martin to second
1-1: Ball
2-1: Ground out 5-3 (Groundball, 56)
Dennis McConnell scores
Batting: RHB Wilson Durán 0-0: Called Strike
0-1: Ball
1-1: Ground out 5-3 (Groundball, 5)
Bottom of the 2nd over - 2 run(s), 1 hit(s), 0 error(s), 1 left on base; Lee's Summit 0 - Plumstead 2
TOP OF THE 3RD
Lee's Summit Tigers batting - Pitching for Plumstead Eagles : RHP Jesús Germán
Batting: RHB Erik Carbajal 0-0: Fly out, F6 (Line Drive, 6)
Batting: LHB Glenn Williamson 0-0: Called Strike
0-1: Foul Ball, location: 2F
0-2: Ball
1-2: Foul Ball, location: 2F
1-2: Foul Ball, location: 2F
1-2: Ball
2-2: Foul Ball, location: 2F
2-2: Ball
3-2: Base on Balls
Batting: RHB Steve Johnson 0-0: SINGLE (Groundball, 56D)
Glenn Williamson to second
Batting: LHB Terry Neal 0-0: Called Strike
0-1: Fly out, F8 (Flyball, 8LM)
Runner from 2nd tags up, SAFE at 3rd with throw
Batting: RHB Stan Taylor 0-0: DOUBLE (Line Drive, 89D)
Glenn Williamson scores
Steve Johnson to third
Runner from 3rd tries for Home, SAFE, no throw
Batting: LHB José Guerrero 0-0: Ground out 4-3 (Groundball, 4)
Top of the 3rd over - 2 run(s), 2 hit(s), 0 error(s), 1 left on base; Lee's Summit 2 - Plumstead 2
BOTTOM OF THE 3RD
Plumstead Eagles batting - Pitching for Lee's Summit Tigers : LHP António Ruíz
Batting: RHB Matt Thompson 0-0: SOLO HOME RUN (Flyball, 78XD), Distance : 393 ft
Batting: LHB Ramón Morán 0-0: Swinging Strike
0-1: Ball
1-1: Ball
2-1: Swinging Strike
2-2: Strikes out swinging
Batting: RHB Edmund Swanson 0-0: Ball
1-0: Ball
2-0: Called Strike
2-1: Foul Ball, location: 2F
2-2: Ball
3-2: Base on Balls
Batting: LHB Ryan Flynn 0-0: Called Strike
0-1: Ball
1-1: Called Strike
1-2: Fielders Choice at 2nd, 4-6 (Groundball, 4M)
Batting: LHB Dennis McConnell 0-0: Swinging Strike
0-1: Called Strike
0-2: Ball
1-2: SINGLE (Line Drive, 78S)
Ryan Flynn to second
Batting: SHB Travis Martin 0-0: Called Strike
0-1: Called Strike
0-2: Ball
1-2: Ball
2-2: Strikes out swinging
Bottom of the 3rd over - 1 run(s), 2 hit(s), 0 error(s), 2 left on base; Lee's Summit 2 - Plumstead 3
TOP OF THE 4TH
Lee's Summit Tigers batting - Pitching for Plumstead Eagles : RHP Jesús Germán
Batting: LHB Al Miller 0-0: Ball
1-0: Ball
2-0: Foul Ball, location: 2F
2-1: Fly out, F9 (Flyball, 9)
Batting: RHB Mike Harris 0-0: Ball
1-0: Swinging Strike
1-1: Called Strike
1-2: Strikes out looking
Batting: SHB Tony Morrison 0-0: Fly out, F7 (Flyball, 7S)
Top of the 4th over - 0 run(s), 0 hit(s), 0 error(s), 0 left on base; Lee's Summit 2 - Plumstead 3
BOTTOM OF THE 4TH
Plumstead Eagles batting - Pitching for Lee's Summit Tigers : LHP António Ruíz
Batting: RHB Diego Ledezma 0-0: Ball
1-0: Ball
2-0: Called Strike
2-1: Ball
3-1: Base on Balls
Batting: SHB José Rincón 0-0: Called Strike
0-1: Ball
1-1: Swinging Strike
1-2: Strikes out swinging
Batting: RHB Wilson Durán 0-0: Foul Ball, location: 2F
0-1: Ball
1-1: Foul Ball, location: 2F
1-2: DOUBLE (Line Drive, 89D)
Diego Ledezma to third
Runner from 3rd tries for Home, SAFE, no throw
Batting: RHB Matt Thompson 0-0: Ball
1-0: Ball
2-0: Fly out, F9 (Line Drive, 9)
Batting: LHB Ramón Morán 0-0: Ground out 6-3 (Groundball, 6MS)
Bottom of the 4th over - 1 run(s), 1 hit(s), 0 error(s), 1 left on base; Lee's Summit 2 - Plumstead 4
TOP OF THE 5TH
Lee's Summit Tigers batting - Pitching for Plumstead Eagles : RHP Jesús Germán
Batting: RHB Erik Carbajal 0-0: Ground out 5-3 (Groundball, 56S)
Batting: LHB Glenn Williamson 0-0: Ball
1-0: Ball
2-0: SINGLE (Line Drive, 9S)
Batting: RHB Steve Johnson 0-0: Ball
1-0: Called Strike
1-1: Swinging Strike
1-2: Ball
2-2: SINGLE (Flyball, 9LS)
Glenn Williamson to second
Runner from 2nd tries for 3rd, SAFE, throw made to third
Steve Johnson to second
Batting: LHB Terry Neal 0-0: Ball
1-0: Called Strike
1-1: Ball
2-1: Swinging Strike
2-2: Foul Ball, location: 2F
2-2: Foul Ball, location: 2F
2-2: Ground out 4-3 (Groundball, 4S)
Glenn Williamson scores
Steve Johnson to third
Batting: RHB Stan Taylor 0-0: Called Strike
0-1: Called Strike
0-2: Ball
1-2: Strikes out swinging
Top of the 5th over - 1 run(s), 2 hit(s), 0 error(s), 1 left on base; Lee's Summit 3 - Plumstead 4
BOTTOM OF THE 5TH
Plumstead Eagles batting - Pitching for Lee's Summit Tigers : LHP António Ruíz
Batting: RHB Edmund Swanson 0-0: Foul Ball, location: 2F
0-1: DOUBLE (Line Drive, 7LM)
Batting: LHB Ryan Flynn 0-0: Called Strike
0-1: Ball
1-1: Called Strike
1-2: Foul Ball, location: 2F
1-2: Strikes out swinging
Pitching: LHP Vernon Mathis
Batting: LHB Dennis McConnell 0-0: Called Strike
0-1: Foul Ball, location: 2F
0-2: Ball
1-2: Ball
2-2: 2-RUN HOME RUN (Line Drive, 9LD), Distance : 386 ft
Batting: SHB Travis Martin 0-0: Ball
1-0: Called Strike
1-1: Called Strike
1-2: Foul Ball, location: 2F
1-2: Strikes out looking
Batting: RHB Diego Ledezma 0-0: Ball
1-0: SINGLE (Groundball, 56) (infield hit)
Batting: SHB José Rincón 0-0: Fly out, F9 (Flyball, 9)
Bottom of the 5th over - 2 run(s), 3 hit(s), 0 error(s), 1 left on base; Lee's Summit 3 - Plumstead 6
TOP OF THE 6TH
Lee's Summit Tigers batting - Pitching for Plumstead Eagles : RHP Jesús Germán
Batting: LHB José Guerrero 0-0: Ball
1-0: Foul Ball, location: 2F
1-1: Ground out 5-3 (Groundball, 56)
Batting: LHB Al Miller 0-0: Ball
1-0: Foul Ball, location: 2F
1-1: Called Strike
1-2: Strikes out looking
Batting: RHB Mike Harris 0-0: Called Strike
0-1: DOUBLE (Line Drive, 8RXD)
Batting: SHB Tony Morrison 0-0: Ground out 4-3 (Groundball, 4)
Top of the 6th over - 0 run(s), 1 hit(s), 0 error(s), 1 left on base; Lee's Summit 3 - Plumstead 6
BOTTOM OF THE 6TH
Plumstead Eagles batting - Pitching for Lee's Summit Tigers : LHP Vernon Mathis
Batting: RHB Wilson Durán 0-0: Ball
1-0: Swinging Strike
1-1: Ball
2-1: Ball
3-1: Base on Balls
Batting: RHB Matt Thompson 0-0: Ball
1-0: Called Strike
1-1: Ball
2-1: Called Strike
2-2: Foul Ball, location: 2F
2-2: Strikes out swinging
Batting: LHB Ramón Morán 0-0: Called Strike
0-1: Swinging Strike
0-2: Foul Ball, location: 2F
0-2: Ball
1-2: Ball
2-2: Fielders Choice at 2nd, 3-6 (Groundball, 3)
Batting: RHB Edmund Swanson 0-0: Ball
1-0: Fly out, F9 (Flyball, 89S)
Bottom of the 6th over - 0 run(s), 0 hit(s), 0 error(s), 1 left on base; Lee's Summit 3 - Plumstead 6
TOP OF THE 7TH
Lee's Summit Tigers batting - Pitching for Plumstead Eagles : RHP Jesús Germán
Batting: RHB Erik Carbajal 0-0: Foul Ball, location: 2F
0-1: Ball
1-1: Ground out 3-1 (Groundball, 34)
Batting: LHB Glenn Williamson 0-0: Ground out 4-3 (Groundball, 4)
Batting: RHB Steve Johnson 0-0: Ball
1-0: Ball
2-0: Ground out 5-3 (Groundball, 5)
Top of the 7th over - 0 run(s), 0 hit(s), 0 error(s), 0 left on base; Lee's Summit 3 - Plumstead 6
BOTTOM OF THE 7TH
Plumstead Eagles batting - Pitching for Lee's Summit Tigers : LHP Vernon Mathis
Batting: LHB Ryan Flynn 0-0: Ball
1-0: Called Strike
1-1: Called Strike
1-2: Foul Ball, location: 2F
1-2: Ground out 1-3 (Groundball, 13S)
Batting: LHB Dennis McConnell 0-0: Ball
1-0: Called Strike
1-1: Foul Ball, location: 2F
1-2: Ball
2-2: Strikes out looking
Batting: SHB Travis Martin 0-0: Called Strike
0-1: Ball
1-1: Ball
2-1: Called Strike
2-2: Ground out 6-3 (Groundball, 6)
Bottom of the 7th over - 0 run(s), 0 hit(s), 0 error(s), 0 left on base; Lee's Summit 3 - Plumstead 6
TOP OF THE 8TH
Lee's Summit Tigers batting - Pitching for Plumstead Eagles : RHP Jesús Germán
Pitching: RHP Millard Manning
Batting: LHB Terry Neal 0-0: Called Strike
0-1: Ball
1-1: Foul Ball, location: 2F
1-2: Ball
2-2: Foul Ball, location: 2F
2-2: Strikes out swinging
Batting: RHB Stan Taylor 0-0: Ball
1-0: Ground out 5-3 (Groundball, 56)
Batting: LHB José Guerrero 0-0: Called Strike
0-1: Fly out, F8 (Flyball, 8LM)
Top of the 8th over - 0 run(s), 0 hit(s), 0 error(s), 0 left on base; Lee's Summit 3 - Plumstead 6
BOTTOM OF THE 8TH
Plumstead Eagles batting - Pitching for Lee's Summit Tigers : LHP Vernon Mathis
Batting: RHB Diego Ledezma 0-0: Called Strike
0-1: Ball
1-1: Foul Ball, location: 2F
1-2: Ball
2-2: Strikes out looking
Batting: SHB José Rincón 0-0: Called Strike
0-1: Called Strike
0-2: Ball
1-2: Fly out, F6 (Popup, 56D)
Batting: RHB Wilson Durán 0-0: Foul Ball, location: 2F
0-1: Ball
1-1: Ball
2-1: Foul Ball, location: 2F
2-2: Strikes out swinging
Bottom of the 8th over - 0 run(s), 0 hit(s), 0 error(s), 0 left on base; Lee's Summit 3 - Plumstead 6
TOP OF THE 9TH
Lee's Summit Tigers batting - Pitching for Plumstead Eagles : RHP Millard Manning
Pitching: RHP Jesús Manuel
Batting: LHB Al Miller 0-0: Called Strike
0-1: Ground out U3 (Groundball, 3)
Batting: RHB Mike Harris 0-0: Fly out, F8 (Flyball, 8LXD)
Batting: SHB Tony Morrison 0-0: Swinging Strike
0-1: Ball
1-1: Fly out, F7 (Flyball, 7S)
Top of the 9th over - 0 run(s), 0 hit(s), 0 error(s), 0 left on base; Lee's Summit 3 - Plumstead 6
Tuesday, August 8th, 2017 - OOTP Baseball 17.12 Build 75